 Dungeon Crawl Stone Soup version 0.16.2-12-gd0ad4c3 (webtiles) character file.

8859 magipi the Cleaver (level 11, -9/89 HPs)
             Began as a Ghoul Gladiator on Mar 12, 2016.
             Was a High Priest of Makhleb.
             Killed from afar by an ice statue (12 damage)
             ... with a shard of ice
             ... in an ice cave.
             The game lasted 01:00:43 (7930 turns).

magipi the Cleaver (Ghoul Gladiator)                Turns: 7930, Time: 01:00:43

Health: -9/89      AC: 23    Str: 20    XL:     11   Next: 37%
Magic:  22/22      EV: 10    Int:  4    God:    Makhleb [*****.]
Gold:   71         SH:  0    Dex: 11    Spells: 0 memorised, 10 levels left

rFire  . . .     SeeInvis .     a - +1 war axe (flame)
rCold  + + .     Clarity  .     b - +0 plate armour
rNeg   + + +     SustAb   .     (no shield)
rPois  ∞         Gourm    .     h - +1 helmet
rElec  .         Spirit   .     T - +2 cloak
rCorr  .         Warding  .     v - +0 pair of gloves
rMut   +         Stasis   .     U - +1 pair of boots
MR     .....                    l - amulet of resist mutation
Stlth  ..........               c - ring of protection from cold
                                P - +3 ring of evasion

@: rotting, not resistant to hostile enchantments, extremely unstealthy
A: rotting body, claws 1, carnivore 3, cold resistance 1, negative energy
resistance 3, poison resistance, slow healing 1, torment resistance, unbreathing
a: Minor Destruction, Lesser Servant of Makhleb, Major Destruction, Greater
Servant of Makhleb, Renounce Religion


You were in an ice cave.
You worshipped Makhleb.
Makhleb was extremely pleased with you.
You were not hungry.

You visited 2 branches of the dungeon, and saw 13 of its levels.
You also visited: Ice Cave.

You collected 795 gold pieces.
You spent 724 gold pieces at shops.

Inventory:

Hand weapons
 a - a +1 war axe of flaming (weapon)
 B - a +1 whip of electrocution
 Q - a +0 battleaxe
Missiles
 r - 5 tomahawks (quivered)
 R - 4 tomahawks of dispersal
 S - 7 poisoned needles
Armour
 b - a +0 plate armour (worn)
 h - a +1 helmet (worn)
 v - a +0 pair of gloves (worn)
 T - a +2 cloak (worn)
 U - a +1 pair of boots (worn)
Jewellery
 c - a ring of protection from cold (right hand)
 f - an uncursed ring of fire
 l - an amulet of resist mutation (around neck)
 L - an uncursed ring of ice
 O - the ring of the Catfish {+Fly rPois}
   (You found it on level 9 of the Dungeon)

   [ring of flight]

   It protects you from poison.
   It lets you fly.
 P - a +3 ring of evasion (left hand)
Magical devices
 z - a wand of disintegration (7)
 C - a wand of cold (0)
 D - a wand of digging (14)
 E - a wand of magic darts (21)
 M - a wand of polymorph (3)
Scrolls
 n - a scroll of enchant weapon
 q - a scroll of fear
 t - 2 scrolls of teleportation
 x - a scroll of recharging
 y - a scroll of magic mapping
 G - a scroll of fog
 I - a scroll of noise {unknown}
 J - 2 scrolls of enchant armour
Potions
 e - 9 potions of curing
 g - 2 potions of brilliance
 j - 2 potions of magic
 k - a potion of restore abilities
 m - a potion of agility
 o - a potion of haste
 p - 2 potions of heal wounds {unknown}
 u - a potion of decay
 K - a potion of cancellation
 N - a potion of poison {unknown}
 V - a potion of mutation {unknown}
Books
 i - a book of Dreams

   Spells                             Type                      Level
   a - Ensorcelled Hibernation        Hexes/Ice                    2
   b - Flight                         Charms/Air                   3
   c - Phase Shift                    Translocation                5
   d - Shadow Creatures               Summoning                    5
   e - Mass Confusion                 Hexes                        6
   f - Darkness                       Hexes                        7
 s - a book of the Warp

   Spells                             Type                      Level
   a - Recall                         Summoning/Translocation      3
   b - Control Teleport               Charms/Translocation         4
   c - Force Lance                    Conjuration/Translocation    4
   d - Phase Shift                    Translocation                5
   e - Warp Weapon                    Charms/Translocation         5
   f - Gell's Gravitas                Hexes/Translocation          5
   g - Summon Forest                  Summoning/Translocation      5
 F - a book of Callings

   Spells                             Type                      Level
   a - Summon Small Mammal            Summoning                    1
   b - Call Imp                       Summoning                    2
   c - Call Canine Familiar           Summoning                    3
   d - Summon Guardian Golem          Hexes/Summoning              4
   e - Summon Lightning Spire         Summoning/Air                4
   f - Summon Ice Beast               Ice/Summoning                4
Comestibles
 d - 5 meat rations
 w - a royal jelly
 A - a chunk of flesh
 H - 8 beef jerkies


   Skills:
 - Level 6.1 Fighting
 - Level 10.0 Axes
 - Level 1.7 Throwing
 + Level 9.0 Armour
 - Level 3.4 Dodging
 + Level 8.8 Invocations


You had 10 spell levels left.
You didn't know any spells.

Dungeon Overview and Level Annotations

Branches:
Dungeon (11/15)              Lair (0/8) D:9             Orc (2/4) D:11
 Temple: D:4-7

Altars:
Ashenzari
Dithmenos
Elyvilon
Gozag
Kikubaaqudgha
Makhleb
Nemelex Xobeh
Qazlal
Trog
Yredelemnul
Zin

Shops:
D:5 [   D:6 }*   D:10 (   Orc:2 [

Annotations:
D:5 Sigmund
D:11 Josephine IceCv exclusion: ice statue


Innate Abilities, Weirdness & Mutations

Your body is rotting away.
You thrive on raw meat.
You have sharp fingernails.
You are carnivorous and can eat meat at any time.
Your flesh is cold resistant.
You are immune to negative energy.
Your system is resistant to poisons.
You heal slowly when monsters are visible.
You are immune to unholy pain and torment.
You can survive without breathing.

Vault maps used:
D:1:      minmay_arrival_radiant_lines
D:2:      overflow_temple_1_default, grunt_ministairs_1
D:3:      uniq_jessica
D:4:      minmay_temple_entry_poolview, uniq_menkaure
D:5:      lemuel_coloured_pillars_altar, lemuel_crystal_altar, serial_shops,
          shop, first_bread
D:6:      grunt_temple_overflow_open, nemelex_altar_shiori, serial_shops, shop,
          nicolae_for_you_no_charge, uniq_sigmund
D:7:      kiku_gazebo_garden_becter, grunt_ogre_cave
D:8:      elyvilon_altar_3, trog_ov_bears_minmay,
          nicolae_gozag_cash_rules_everything_around_me
D:9:      david_lair_generic, item_on_display_a, uniq_duvessa, uniq_grum
D:10:     serial_shops, nicolae_shop_crystal
D:11:     orc_0_dummy, grunt_decor_arrowhead, hive_lemuel, uniq_josephine,
          uniq_erolcha
Orc:1:    serial_shops, shop
Orc:2:    serial_shops, shop, basic_altar, portal_ice_cave_entry_imps,
          uniq_fannar
IceCv:    ice_cave_statue_garden_01


Message History

The bolt of cold hits the ice statue.
The ice statue completely resists.
The bolt of cold misses you. The ice beast hits you. The ice beast freezes you.
You resist. The ice beast barely misses you.
You hit the ice statue.
You melt the ice statue.
The ice statue is severely damaged.
You hit the ice beast.
You melt the ice beast.
The ice beast is heavily wounded.
You slash the ice beast!
You melt the ice beast.
The ice beast is heavily wounded.
You hit the ice beast but do no damage.
You are engulfed in freezing vapours.
You resist.
The ice beast hits you but does no damage. x2
The ice beast barely misses you.
You hit the ice statue.
You melt the ice statue.
The ice statue is severely damaged.
You hit the ice beast.
You melt the ice beast.
The ice beast is lightly wounded.
You closely miss the ice beast.
The ice beast is heavily wounded.
You hit the ice beast but do no damage.
The ice beast is moderately wounded.
Your plate armour prevents you from hitting the ice beast.
The ice beast is heavily wounded.
You slash the ice beast!
You melt the ice beast.
The ice beast is heavily wounded.
The ice beast hits you. The ice beast freezes you. You resist.
The ice beast barely misses you.
The ice statue glitters chillingly in the dim dungeon light.
The ice beast barely misses you.
The ice beast hits you but does no damage. x2
You slash the ice statue!
You melt the ice statue.
The ice statue is almost destroyed.
You hit the ice beast.
You melt the ice beast.
The ice beast is almost dead.
You hit the ice beast but do no damage.
The ice beast is heavily wounded.
You hit the ice beast but do no damage.
The ice beast is moderately wounded.
You closely miss the ice beast.
The ice beast is heavily wounded.
You hit the ice beast but do no damage.
The ice beast is lightly wounded.
The ice beast hits you.
* * * LOW HITPOINT WARNING * * *
The ice beast freezes you. You resist.
* * * LOW HITPOINT WARNING * * *
The ice statue throws cold at you. The freezing blast engulfs you! You resist.
The ice beast hits you but does no damage. x2
The ice beast barely misses you.
The ice beast hits you but does no damage.
You hit the ice beast.
You melt the ice beast.
The ice beast is almost dead.
You hit the ice statue.
You melt the ice statue.
You destroy the ice statue!
Your Armour skill increases to level 9!
You hit the ice beast.
You melt the ice beast.
The ice beast is moderately wounded.
You slash the ice beast!
You melt the ice beast.
The ice beast is almost dead.
You slash the ice beast!
You melt the ice beast.
The ice beast is almost dead.
You hit the ice beast but do no damage.
The ice beast is heavily wounded.
You are engulfed in freezing vapours.
You resist.
The ice beast disappears in a puff of smoke! x3
The ice beast hits you.
* * * LOW HITPOINT WARNING * * *
The ice beast freezes you. You resist.
* * * LOW HITPOINT WARNING * * *
The ice beast hits you but does no damage. x2
You closely miss the ice beast.
The ice beast is almost dead.
You barely miss the ice beast.
The ice beast is heavily wounded.
You hit the ice beast.
You melt the ice beast.
The ice beast is severely wounded.
You are engulfed in freezing vapours.
You resist.
* * * LOW HITPOINT WARNING * * *
The ice beast hits you but does no damage. x3
The ice statue throws cold at you. The freezing blast misses you.
Drink which item? (? for menu, Esc to quit)
It was a potion of magic.
Magic courses through your body.
You are engulfed in freezing vapours.
You resist. The ice statue throws ice at you. The shard of ice hits you!
You partially resist.
* * * LOW HITPOINT WARNING * * *
The ice beast barely misses you. The ice beast misses you.
The ice beast hits you but does no damage.
Drink which item? (? for menu, Esc to quit)
It was a potion of restore abilities.
You feel refreshed.
You are engulfed in freezing vapours.
You resist. The ice statue throws cold at you. The freezing blast engulfs you!
You resist.
* * * LOW HITPOINT WARNING * * *
The ice beast closely misses you. The ice statue throws ice at you.
The shard of ice hits you! You partially resist.
You die...

#######
##.....##
##...∩...##
##.........##
#...........#
#...........#
##§§.§.......#
#.§§§Y§.......#
#.§Y@§§..8....#
#.§§§Y§|......
##§§§§§.(....
#...8.:.8...
##.........
#########


You could see an ice statue and 3 ice beasts.

Table legend:
 A = Kills in this place as a percentage of kills in entire the game.
 B = Kills by you in this place as a percentage of kills by you in the entire game.
 C = Kills by friends in this place as a percentage of kills by friends in the entire game.
 D = Other kills in this place as a percentage of other kills in the entire game.
 E = Experience gained in this place as a percentage of experience gained in the entire game.
 F = Experience gained in this place divided by the number of levels of this place that you have seen.
                   A       B       C       D       E      F
               +-------+-------+-------+-------+-------+----------------------
         Total | 100.0 | 100.0 |  -nan | 100.0 | 100.0 | 904.0
       Dungeon |  78.2 |  78.4 |  -nan |   0.0 |  67.8 | 780.2
  Orcish Mines |  19.1 |  18.8 |  -nan | 100.0 |  19.7 | 1243.5
      Ice Cave |   2.7 |   2.7 |  -nan |   0.0 |  12.5 | 1587.0
               +-------+-------+-------+-------+-------+----------------------

Vanquished Creatures
  Fannar (Orc:2)
  An ice statue (IceCv)
  An orc sorcerer (Orc:2)
  An elephant (D:9)
  A two-headed ogre (D:11)
  A wraith (D:10)
  A wyvern (D:11)
  A yak (D:9)
  A hippogriff (D:8)
  Grum (D:9)
  4 wolves (D:9)
  Menkaure (D:4)
  3 orc warriors
  8 ice beasts
  8 ogres
  4 black bears
  2 centaurs
  A phantom (D:5)
  3 crocodiles
  A big kobold (D:10)
  A sky beast (D:7)
  Duvessa (D:9)
  3 giant frogs
  11 killer bees
  A water moccasin skeleton (D:4)
  3 scorpions
  8 wights
  Dowan (D:9)
  A crimson imp (D:5)
  A jelly (D:8)
  2 centaur skeletons
  A giant frog skeleton (D:7)
  6 orc priests
  4 orc wizards
  6 hounds
  9 worker ants
  Jessica (D:3)
  2 worker ant zombies
  An elf zombie (D:9)
  7 adders
  3 gnolls
  5 shadow imps
  12 white imps (Orc:2)
  A worm (D:5)
  2 adder skeletons
  7 giant geckos
  3 oozes
  42 orcs
  2 ball pythons
  5 giant cockroaches
  14 hobgoblins
  4 jackals (D:2)
  3 quokkas
  9 bats
  A giant gecko zombie (D:6)
  3 giant newts
  19 goblins
  24 kobolds
  A quokka skeleton (D:6)
  16 rats
  A rat skeleton (D:6)
292 creatures vanquished.

Vanquished Creatures (others)
  An orc (Orc:2)
  A plant (D:7)
2 creatures vanquished.

Grand Total: 294 creatures vanquished

Notes
Turn   | Place    | Note
--------------------------------------------------------------
     0 | D:1      | magipi, the Ghoul Gladiator, began the quest for the Orb.
     0 | D:1      | Reached XP level 1. HP: 17/17 MP: 1/1
   238 | D:1      | Reached XP level 2. HP: 22/24 MP: 2/2
   249 | D:1      | Reached skill level 3 in Axes
   517 | D:2      | Reached XP level 3. HP: 14/30 MP: 3/3
   538 | D:2      | Reached skill level 1 in Armour
   570 | D:2      | Found a glowing silver altar of Zin.
   700 | D:2      | Reached XP level 4. HP: 33/37 MP: 3/3
   908 | D:3      | Noticed Jessica
   912 | D:3      | Killed Jessica
  1383 | D:4      | Reached skill level 4 in Axes
  1383 | D:4      | Reached XP level 5. HP: 37/43 MP: 4/4
  1647 | D:4      | Reached XP level 6. HP: 36/50 MP: 5/5
  1659 | D:3      | Reached skill level 5 in Axes
  1756 | D:4      | Noticed Menkaure
  1766 | D:4      | Killed Menkaure
  1972 | D:5      | Entered Level 5 of the Dungeon
  2066 | D:5      | Reached skill level 6 in Axes
  2073 | D:5      | Reached XP level 7. HP: 25/56 MP: 5/5
  2327 | D:5      | Found Giuhoan's Armour Shop.
  2403 | D:5      | Found a basalt altar of Yredelemnul.
  2422 | D:5      | Reached skill level 7 in Axes
  2504 | D:5      | Found a shattered altar of Ashenzari.
  2670 | D:5      | Reached XP level 8. HP: 46/62 MP: 6/6
  2854 | D:6      | Noticed Sigmund
  2914 | D:6      | Found a sparkling altar of Nemelex Xobeh.
  3032 | D:6      | Found a stormy altar of Qazlal.
  3033 | D:6      | Found an opulent altar of Gozag.
  3035 | D:6      | Found a burning altar of Makhleb.
  3036 | D:6      | Found a shadowy altar of Dithmenos.
  3043 | D:6      | Found Hoalevaz's Assorted Antiques.
  3048 | D:6      | Became a worshipper of Makhleb the Destroyer
  3053 | D:6      | Bought a scroll of teleportation for 84 gold pieces
  3053 | D:6      | Bought a twisted onyx ring for 140 gold pieces
  3158 | D:7      | Reached skill level 8 in Axes
  3761 | D:6      | Found Looceaj's Quality Used Wands.
  3855 | D:6      | Reached skill level 9 in Axes
  3941 | D:7      | Acquired Makhleb's first power
  4478 | D:8      | Found a white marble altar of Elyvilon.
  4539 | D:8      | Found a bloodstained altar of Trog.
  4547 | D:8      | Reached XP level 9. HP: 61/72 MP: 7/7
  4622 | D:8      | Found an opulent altar of Gozag.
  4664 | D:8      | Reached skill level 5 in Fighting
  4836 | D:9      | Acquired Makhleb's second power
  4848 | D:9      | Noticed Grum
  4861 | D:9      | Killed Grum
  4964 | D:9      | Reached skill level 10 in Axes
  5005 | D:9      | Found a staircase to the Lair.
  5005 | D:9      | Noticed an elephant
  5065 | D:9      | Reached skill level 1 in Invocations
  5086 | D:9      | Killed an elephant
  5086 | D:9      | Reached skill level 5 in Armour
  5086 | D:9      | Reached XP level 10. HP: 69/83 MP: 8/11
  5190 | D:9      | Noticed Duvessa
  5196 | D:9      | Noticed Dowan
  5211 | D:9      | Killed Duvessa
  5225 | D:9      | Killed Dowan
  5250 | D:9      | Got a brightly glowing amber ring
  5252 | D:9      | Identified the ring of the Catfish {+Fly rPois} (You found it on level 9 of the Dungeon)
  5329 | D:8      | HP: 4/83 [orc warrior/dire flail (14)]
  5626 | D:7      | Found an ancient bone altar of Kikubaaqudgha.
  5957 | D:9      | Acquired Makhleb's third power
  6040 | D:10     | Entered Level 10 of the Dungeon
  6175 | D:10     | Noticed a hill giant
  6188 | D:10     | Reached skill level 5 in Invocations
  7117 | D:10     | Found Zydoz's Weapon Shoppe.
  7120 | D:10     | Bought a +1 war axe of flaming for 186 gold pieces
  7314 | D:11     | Acquired Makhleb's fourth power
  7396 | D:11     | Found a staircase to the Orcish Mines.
  7404 | D:11     | Noticed Josephine
  7411 | Orc:1    | Entered Level 1 of the Orcish Mines
  7575 | Orc:2    | Found Ariroug's Antique Armour Shop.
  7581 | Orc:2    | Found a frozen archway.
  7596 | Orc:2    | Acquired Makhleb's fifth power
  7649 | Orc:2    | Reached XP level 11. HP: 86/89 MP: 20/20
  7685 | Orc:2    | Noticed an orc sorcerer
  7703 | Orc:2    | Paralysed by an orc sorcerer for 4 turns
  7710 | Orc:2    | Killed an orc sorcerer
  7750 | Orc:2    | Noticed Fannar
  7762 | Orc:2    | Killed Fannar
  7769 | Orc:2    | Found a bloodstained altar of Trog.
  7853 | Orc:2    | Bought an embroidered cloak for 157 gold pieces
  7853 | Orc:2    | Bought a pair of runed boots for 157 gold pieces
  7868 | IceCv    | Entered an ice cave
  7906 | IceCv    | Noticed an ice statue
  7906 | IceCv    | Noticed an ice statue
  7927 | IceCv    | Killed an ice statue
  7930 | IceCv    | HP: 3/89 [ice statue/freezing blast (2)]
  7930 | IceCv    | Killed from afar by an ice statue

Action                   |  1- 3 |  4- 6 |  7- 9 | 10-12 || total
-------------------------+-------+-------+-------+-------++-------
Melee: War axe           |   104 |   142 |   406 |   495 ||  1147
Throw: Throwing net      |       |     1 |     3 |       ||     4
       Tomahawk          |       |       |     7 |     2 ||     9
Evoke: Wand              |       |       |     3 |     6 ||     9
  Use: Scroll            |       |     7 |     9 |     8 ||    24
       Potion            |       |       |     1 |     4 ||     5
 Stab: Held in net/web   |       |     1 |     2 |       ||     3
  Eat: Chunk             |    12 |    19 |    36 |    37 ||   104

Action                   |  1- 3 |  4- 6 |  7- 9 | 10-12 || total
-------------------------+-------+-------+-------+-------++-------
Melee: War axe           |   104 |   142 |   406 |   495 ||  1147
Throw: Throwing net      |       |     1 |     3 |       ||     4
       Tomahawk          |       |       |     7 |     2 ||     9
Evoke: Wand              |       |       |     3 |     6 ||     9
  Use: Scroll            |       |     7 |     9 |     8 ||    24
       Potion            |       |       |     1 |     4 ||     5
 Stab: Held in net/web   |       |     1 |     2 |       ||     3
  Eat: Chunk             |    12 |    19 |    36 |    37 ||   104

Action                   |  1- 3 |  4- 6 |  7- 9 | 10-12 || total
-------------------------+-------+-------+-------+-------++-------
Melee: War axe           |   104 |   142 |   406 |   495 ||  1147
Throw: Throwing net      |       |     1 |     3 |       ||     4
       Tomahawk          |       |       |     7 |     2 ||     9
Evoke: Wand              |       |       |     3 |     6 ||     9
  Use: Scroll            |       |     7 |     9 |     8 ||    24
       Potion            |       |       |     1 |     4 ||     5
 Stab: Held in net/web   |       |     1 |     2 |       ||     3
  Eat: Chunk             |    12 |    19 |    36 |    37 ||   104
